 Dungeon Crawl Stone Soup version 0.21-a0-59-g7b0e191 (webtiles) character file.

399 Ijustatesigmund the Skirmisher (level 6, -3/47 HPs)
             Began as an Octopode Assassin on June 16, 2017.
             Slain by a gnoll
             ... wielding a +0 club
              (5 damage)
             ... on level 4 of the Dungeon.
             The game lasted 00:09:44 (3498 turns).

Ijustatesigmund the Skirmisher (Octopode Assassin)  Turns: 3498, Time: 00:09:45

Health: -3/47      AC:  1    Str:  6    XL:     6   Next: 84%
Magic:  6/6        EV: 13    Int: 13    God:
Gold:   223        SH:  6    Dex: 16    Spells: 5/5 levels left

rFire    . . .     SeeInvis .   k - +2 dagger (freeze)
rCold    + . .     Gourm    .   (no shield)
rNeg     . . .     Faith    .   (helmet restricted)
rPois    .         Spirit   .   (no amulet)
rElec    .         Reflect  .   s - ring of protection from cold
rCorr    .         Harm     .   (no ring)
MR       .....                  (no ring)
Stlth    ++++......             (no ring)
HPRegen  0.15/turn              (no ring)
MPRegen  0.10/turn              (no ring)
                                (no ring)
                                (no ring)

@: no status effects
A: almost no armour, stealthy swim, amphibious, 8 rings, constrict 8, large bone
plates 2, camouflage 1, weak 2, gelatinous body 1
a: no special abilities


You were on level 4 of the Dungeon.
You were not hungry.

You visited 1 branch of the dungeon, and saw 4 of its levels.

You collected 223 gold pieces.

Inventory:

Hand Weapons
 a - a +2 dagger
 b - a +0 blowgun
 k - a +2 dagger of freezing (weapon)
Missiles
 c - 8 poisoned needles
 d - 2 curare-tipped needles
Jewellery
 s - a ring of protection from cold (left tentacle)
Wands
 r - a wand of polymorph (9/24)
Scrolls
 l - 2 scrolls of blinking
 o - a scroll of magic mapping {unknown}
 p - a scroll of identify
 q - 2 scrolls of remove curse
 t - a scroll of teleportation
 v - a scroll of amnesia {unknown}
Potions
 e - 2 potions of flight
 g - 2 potions of lignification
 h - a potion of agility
 i - a potion of might
 j - a potion of degeneration {unknown}
 u - a potion of brilliance {unknown}
Comestibles
 f - 4 bread rations
 m - 3 fruits
 n - 3 meat rations


   Skills:
 + Level 6.8 Fighting
 - Level 2.7 Short Blades
 - Level 2.0 Throwing
 - Level 1.0 Dodging
 - Level 5.3 Stealth


You had 5 spell levels left.
You didn't know any spells.

Dungeon Overview and Level Annotations

Branches:
Dungeon (4/15)
 Temple: D:4-7

Altars:
Yredelemnul
The Shining One


Innate Abilities, Weirdness & Mutations

You cannot wear most types of armour.
You are very stealthy in the water. (Stealth+)
You are amphibious.
You can wear up to eight rings at the same time.
You can use your tentacles to constrict eight enemies at once.
Your skin changes colour to match your surroundings (Stealth+).
Your rubbery body absorbs attacks. (AC +1, EV +1)
You are mostly covered in large bone plates. (SH +6)
You are very weak. (Str -4)


Message History

The gnoll is severely wounded.
You constrict the gnoll. The gnoll closely misses you.
You hit the gnoll. You freeze the gnoll.
You kill the gnoll!
The gnoll misses you.
Items here: )) †† a flail; a spear; a gnoll corpse x2
You hit the gnoll. You freeze the gnoll. Your grab misses the gnoll.
The gnoll is heavily wounded.
The gnoll hits you with a club!
* * * LOW HITPOINT WARNING * * *
You hit the gnoll but do no damage. You grab the gnoll.
The gnoll is heavily wounded.
You constrict the gnoll, but do no damage.
The gnoll hits you but does no damage.
You hit the gnoll. You freeze the gnoll.
The gnoll is severely wounded.
You constrict the gnoll, but do no damage.
The gnoll hits you with a club.
You die...

########### ##.........#
...#######.# #### #.#
.#########.#############
...............)@g......
.########...############
.# #...# .# ######...#
.###........#
.##.#.###...#
...###......######
###.#.###......... ##.##
#...######


You could see a gnoll.

Vanquished Creatures
  An orc priest (D:3)
  2 orc wizards (D:3)
  A bullfrog skeleton (D:4)
  2 worker ants
  A hound skeleton (D:4)
  6 gnolls
  4 adders
  An ooze (D:2)
  5 worms
  4 dart slugs
  5 leopard geckos
  7 orcs (D:3)
  2 ball pythons (D:1)
  11 bats
  2 giant cockroaches
  4 goblins
  10 hobgoblins
  12 jackals
  2 quokkas (D:2)
  3 frilled lizards
  7 kobolds
  8 rats
100 creatures vanquished.

Notes
Turn   | Place    | Note
-------+----------+-------------------------------------------
     0 | D:1      | Ijustatesigmund the Octopode Assassin began the quest for the Orb.
     0 | D:1      | Reached XP level 1. HP: 14/14 MP: 1/1
    60 | D:1      | Reached XP level 2. HP: 12/19 MP: 2/2
   210 | D:1      | Reached XP level 3. HP: 25/25 MP: 3/3
   365 | D:1      | Reached skill level 3 in Fighting
   422 | D:1      | Gained mutation: Your magical capacity is low. (-10% MP) [potion of mutation]
   422 | D:1      | Gained mutation: You are resistant to hostile enchantments. (MR+) [potion of mutation]
   422 | D:1      | Gained mutation: You are robust. (+10% HP) [potion of mutation]
   828 | D:2      | Reached XP level 4. HP: 19/35 MP: 3/3
  1449 | D:3      | Reached skill level 4 in Fighting
  1532 | D:3      | Found a faded altar of an unknown god.
  1553 | D:3      | Reached XP level 5. HP: 12/41 MP: 4/4
  1918 | D:3      | Reached skill level 5 in Fighting
  2444 | D:3      | Reached XP level 6. HP: 25/50 MP: 5/5
  2849 | D:3      | Found a basalt altar of Yredelemnul.
  2923 | D:3      | Reached skill level 6 in Fighting
  2944 | D:3      | HP: 3/75 [poisoned by a gnoll]
  2945 | D:3      | HP: 1/75 [poisoned by a gnoll]
  3242 | D:3      | Found a glowing golden altar of the Shining One.
  3251 | D:3      | Noticed an angel
  3414 | D:4      | Lost mutation: You are robust. (+10% HP) [potion of mutation]
  3414 | D:4      | Lost mutation: Your magical capacity is low. (-10% MP) [potion of mutation]
  3414 | D:4      | Lost mutation: You are resistant to hostile enchantments. (MR+) [potion of mutation]
  3414 | D:4      | Gained mutation: You are partially covered in large bone plates. (SH +4) [potion of mutation]
  3414 | D:4      | Gained mutation: You are weak. (Str -2) [potion of mutation]
  3414 | D:4      | Gained mutation: You are very weak. (Str -4) [potion of mutation]
  3414 | D:4      | Gained mutation: You are mostly covered in large bone plates. (SH +6) [potion of mutation]
  3496 | D:4      | HP: 2/47 [gnoll/club (10)]
  3498 | D:4      | Slain by a gnoll

Vault maps used:
D:1:      lemuel_arrival_cross, serial_forest, infiniplex_forest_straight_5,
          infiniplex_forest_clump_long, infiniplex_forest_lined_ring,
          infiniplex_forest_clump_C, infiniplex_forest_clump_medium,
          infiniplex_forest_fountain, infiniplex_forest_end_1,
          infiniplex_forest_lined_1, infiniplex_forest_clump_diagonal
D:2:      first_bread
D:3:      grunt_temple_overflow_holy_war, chequers_ecumenical_altar_twisty

Skill      XL: |  1  2  3  4  5  6 |
---------------+-------------------+-----
Fighting       | 3 4 5 6 |  6.8
Short Blades   | |  2.7
Throwing       | |  2.0
Dodging        | |  1.0
Stealth        | |  5.3

Action                   |  1- 3 |  4- 6 || total
-------------------------+-------+-------++-------
Melee: Dagger            |    67 |   130 ||   197
       Constrict         |    20 |    29 ||    49
       Tentacles         |    15 |    28 ||    43
  Use: Potion            |     4 |     6 ||    10
       Scroll            |     7 |     3 ||    10
 Stab: Sleeping          |    11 |    25 ||    36
       Distracted        |       |     2 ||     2
  Eat: Chunk             |       |     8 ||     8
Armor: Skin              |     4 |     2 ||     6
Dodge: Dodged            |    39 |    55 ||    94
Block: Other             |       |     3 ||     3
